 Dungeon Crawl Stone Soup version 0.22-a0-284-g99d1f7439c (webtiles) character file.

78 Infinimo the Grave Robber (level 4, 0/30 HPs)
             Began as a Demonspawn Necromancer on Mar 20, 2018.
             Killed from afar by Sigmund (7 damage)
             ... with a puff of flame
             ... on level 2 of the Dungeon.
             The game lasted 00:04:22 (2791 turns).

Infinimo the Grave Robber (Demonspawn Necromancer)  Turns: 2791, Time: 00:04:23

Health: 0/30       AC:  5    Str:  8    XL:     4   Next: 15%
Magic:  3/7        EV: 14    Int: 18    God:
Gold:   66         SH:  0    Dex: 13    Spells: 6/7 levels left

rFire    . . .     SeeInvis .   (no weapon)
rCold    . . .     Gourm    .   (no shield)
rNeg     . . .     Faith    .   a - +0 robe
rPois    .         Spirit   .   d - +1 helmet
rElec    .         Reflect  .   (no cloak)
rCorr    .         Harm     .   l - +0 pair of gloves
MR       .....                  (no boots)
Stlth    ++........             (no amulet)
HPRegen  0.10/turn              (no ring)
MPRegen  0.10/turn              (no ring)

@: no status effects
A: repulsion field 1
a: no special abilities


You were on level 2 of the Dungeon.
You were not hungry.

You visited 1 branch of the dungeon, and saw 2 of its levels.

You collected 66 gold pieces.

Inventory:

Armour
 a - a +0 robe (worn)
 d - a +1 helmet (worn)
 l - a +0 pair of gloves (worn)
Jewellery
 b - an uncursed ring of stealth {unknown}
Scrolls
 h - a scroll of immolation {unknown}
 i - a scroll of identify
 k - a scroll of amnesia {unknown}
 m - a scroll of enchant weapon {unknown}
Potions
 e - a potion of ambrosia
 f - a potion of brilliance {unknown}
 g - a potion of degeneration {unknown}
 j - a potion of curing
 n - a potion of magic {unknown}
Comestibles
 c - 5 rations


   Skills:
 - Level 1.7 Dodging
 - Level 1.7 Stealth
 - Level 2.0 Spellcasting
 + Level 6.3 Necromancy


You had 6 spell levels left.
You knew the following spells:

 Your Spells              Type           Power        Failure   Level  Hunger
a - Pain                  Necr           ###.         1%          1    #......


Dungeon Overview and Level Annotations

Branches:
Dungeon (2/15)

Altars:
Xom

Annotations:
D:2 Sigmund


Innate Abilities, Weirdness & Mutations

You are surrounded by a mild repulsion field. (EV +2)


Message History

Confirm with . or Enter, or press ? or * to list all spells.
Aiming: Pain (safe; 1% risk of failure)
Press: ? - help, Shift-Dir - straight line, f/p - Sigmund
Aim: Sigmund, wielding a scythe and wearing a robe (moderately wounded, chance to defeat MR: 88%) Sigmund writhes in agony!
Casting: Pain (safe; 1% risk of failure)
Confirm with . or Enter, or press ? or * to list all spells.
Aiming: Pain (safe; 1% risk of failure)
Press: ? - help, Shift-Dir - straight line, f/p - Sigmund
Aim: Sigmund, wielding a scythe and wearing a robe (heavily wounded, chance to defeat MR: 88%) Sigmund writhes in agony!
Casting: Pain (safe; 1% risk of failure)
Confirm with . or Enter, or press ? or * to list all spells.
Aiming: Pain (safe; 1% risk of failure)
Press: ? - help, Shift-Dir - straight line, f/p - Sigmund
Aim: Sigmund, wielding a scythe and wearing a robe (severely wounded, chance to defeat MR: 88%) Sigmund writhes in agony!
Sigmund casts a spell at you. The puff of flame hits you!
You die...

##.## #.# #...# #.##.# #.# #.#
##..# #....# #.# #.# #..# ####..
# ##'## #.####..# #.# # ##...##
#.......# #.# ###.....##
######.## ##.# ##.......##
##.###.# ##..#
#.........####...##.########...##
+.........'..@..@................
#.........####...###.#####.......
##.......## ##.## ##.# #.##..##
##.....## #.# #.# #.##..#
##...########.# ##.# #.##.##
##........###.###.## #.##.#
#.######.# #...## #.##.###
#####)######.#####.## #.......
...................# ####.###


You could see Sigmund.

Vanquished Creatures
  An adder (D:2)
  2 worms (D:2)
  2 dart slugs
  4 leopard geckos
  7 bats
  4 giant cockroaches
  4 goblins
  8 hobgoblins
  2 jackals (D:1)
  5 kobolds
  A ball python (D:1)
  3 frilled lizards
  10 rats
53 creatures vanquished.

Notes
Turn   | Place    | Note
-------+----------+-------------------------------------------
     0 | D:1      | Infinimo the Demonspawn Necromancer began the quest for the Orb.
     0 | D:1      | Reached XP level 1. HP: 13/13 MP: 3/3
   385 | D:1      | Gained mutation: You are surrounded by a mild repulsion field. (EV +2) [demonic ancestry]
   385 | D:1      | Reached XP level 2. HP: 16/19 MP: 0/5
   486 | D:1      | Reached skill level 5 in Necromancy
  1310 | D:1      | Reached XP level 3. HP: 20/24 MP: 0/6
  2036 | D:2      | Found a shimmering altar of Xom.
  2099 | D:2      | Reached skill level 6 in Necromancy
  2292 | D:2      | Noticed Sigmund
  2387 | D:2      | Reached XP level 4. HP: 29/30 MP: 4/7
  2791 | D:2      | Killed from afar by Sigmund

Vault maps used:
D:1:      giann_forest_graveyard, minmay_misc_feat_diagonals,
          minmay_tetromino_t4
D:2:      lemuel_crystal_altar, first_ration, uniq_sigmund

Skill      XL: |  1  2  3 |
---------------+----------+-----
Necromancy     | 5 6 |  6.3
Dodging        | |  1.7
Stealth        | |  1.7
Spellcasting   | |  2.0

Action                   |  1- 3 |  4- 6 || total
-------------------------+-------+-------++-------
Melee: Unarmed           |    15 |     9 ||    24
 Cast: Pain              |    95 |    21 ||   116
  Use: Potion            |     2 |     1 ||     3
       Scroll            |       |     1 ||     1
  Eat: Chunk             |     6 |     1 ||     7
Armor: Robe              |    18 |     2 ||    20
Dodge: Dodged            |    78 |     9 ||    87

Table legend:
 A = Spawn XP
 B = Non-spawn XP
 C = Spawn XP percentage of total XP
 D = Spawn monster count
 E = Non-spawn monster count
 F = Spawn count percentage of total count
 G = Total turns spent on level
                    A         B        C        D         E        F      G
               +---------+---------+-------+---------+---------+-------+---------
         Total |       0 |     112 |   0.0 |       0 |      53 |   0.0 |  2791
               +---------+---------+-------+---------+---------+-------+---------
           D:1 |       0 |      48 |   0.0 |       0 |      27 |   0.0 |  1680
           D:2 |       0 |      64 |   0.0 |       0 |      26 |   0.0 |  1111
               +---------+---------+-------+---------+---------+-------+---------
